 Dungeon Crawl Stone Soup version 0.17.1-2-g5865329 (webtiles) character file.

266 kaze the Ruffian (level 6, -1/61 HPs)
             Began as a Troll Berserker on Jan 20, 2016.
             Was a Believer of Trog.
             Slain by Uhlv's ghost (11 damage)
             ... on level 3 of the Dungeon.
             The game lasted 00:07:12 (1205 turns).

kaze the Ruffian (Troll Berserker)                  Turns: 1205, Time: 00:07:12

Health: -1/61      AC:  5    Str: 28    XL:     6   Next: 0%
Magic:  5/5        EV: 10    Int:  3    God:    Trog [**....]
Gold:   73         SH:  0    Dex:  9    Spells: 0 memorised, 5 levels left

rFire  . . .     SeeInvis .     n - +2 spear (venom)
rCold  . . .     Clarity  .     a - +0 animal skin
rNeg   . . .     SustAt   .     (no shield)
rPois  .         Gourm    +     (helmet restricted)
rElec  .         Spirit   .     (no cloak)
rCorr  .         Warding  .     (gloves unavailable)
rMut   .         Stasis   .     (boots unavailable)
MR     .....                    (no amulet)
Stlth  +.........               (no ring)
                                (no ring)

@: not resistant to hostile enchantments, very unstealthy
A: unfitting armour, claws 3, fast metabolism 3, gourmand, regeneration 2,
shaggy fur 1, tough skin 2
a: Berserk, Trog's Hand, Burn Spellbooks, Renounce Religion


You were on level 3 of the Dungeon.
You worshipped Trog.
Trog was pleased with you.
You were very full.

You visited 1 branch of the dungeon, and saw 3 of its levels.

You collected 73 gold pieces.

Inventory:

Hand Weapons
 j - a +2 spear of flaming
 k - a +2 mace of holy wrath
 n - a +2 spear of venom (weapon)
Armour
 a - a +0 animal skin (worn)
Wands
 i - a wand of frost (20)
Scrolls
 c - a scroll of remove curse {unknown}
 e - a scroll of identify {unknown}
 f - a scroll of enchant armour {unknown}
 g - a scroll of teleportation {unknown}
 h - a scroll of fog {unknown}
 o - a scroll of random uselessness {unknown}
 p - a scroll of blinking {unknown}
Comestibles
 b - 3 bread rations
 d - a meat ration
 l - 4 chunks of flesh
 m - a beef jerky


   Skills:
 + Level 3.4 Fighting
 * Level 1.4 Polearms
 + Level 3.8 Dodging
 - Level 4.2 Unarmed Combat


You had 5 spell levels left.
You didn't know any spells.

Dungeon Overview and Level Annotations

Branches:
Dungeon (3/15)

Altars:
Qazlal

Annotations:
D:3 Uhlv's ghost, amateur MiBe


Innate Abilities, Weirdness & Mutations

You are too large for most types of armour.
You have claws for hands.
Your metabolism is lightning-fast.
You like to eat raw meat.
You heal very quickly.
You are covered in fur (AC +1).
You have very tough skin (AC +2).


Message History

You hit Uhlv's ghost.
Uhlv's ghost is moderately damaged.
Uhlv's ghost hits you.
You hit Uhlv's ghost but do no damage.
Uhlv's ghost is moderately damaged.
Uhlv's ghost hits you!
You hit Uhlv's ghost but do no damage.
Uhlv's ghost is moderately damaged.
Uhlv's ghost hits you.
You hit Uhlv's ghost.
Uhlv's ghost is moderately damaged.
Uhlv's ghost says, "I'll split you in two!"
Uhlv's ghost hits you.
You barely miss Uhlv's ghost.
Uhlv's ghost is moderately damaged.
Uhlv's ghost hits you! Uhlv's ghost hits you!
* * * LOW HITPOINT WARNING * * *
Uhlv's ghost hits you!
You die...

#.# #.# #.# ####.##
#.# #$....# #.#
#.##.## #.# #.####
##.## #.# #...##
#.# #..W.# #.#
#...@# #.# ####.#
#.# # #.# #.#.# #.#
#.#.# #.######.#.#
#.#.....#...# #
##.####.#..#####.#.
## #............
#.#.#..##.###


You could see Uhlv's ghost.

Vanquished Creatures
  Ijyb (D:2)
  2 orc priests (D:3)
  2 orc wizards (D:3)
  3 adders
  4 gnolls (D:3)
  2 worms (D:3)
  2 giant geckos
  8 orcs (D:3)
  A bat (D:3)
  3 giant cockroaches
  3 goblins
  6 hobgoblins
  2 quokkas
  A giant newt (D:2)
  3 kobolds
  4 rats
47 creatures vanquished.

Notes
Turn   | Place    | Note
--------------------------------------------------------------
     0 | D:1      | kaze the Troll Berserker began the quest for the Orb.
     0 | D:1      | Reached XP level 1. HP: 22/22 MP: 0/0
   237 | D:2      | Reached XP level 2. HP: 19/29 MP: 1/1
   301 | D:2      | Noticed Ijyb
   317 | D:2      | Killed Ijyb
   317 | D:2      | Reached XP level 3. HP: 14/36 MP: 2/2
   538 | D:3      | Reached skill level 4 in Unarmed Combat
   538 | D:3      | Reached XP level 4. HP: 40/44 MP: 3/3
   584 | D:3      | Reached ** piety under Trog
   584 | D:3      | Reached XP level 5. HP: 30/53 MP: 4/4
   950 | D:3      | Reached skill level 1 in Polearms
  1031 | D:3      | Found a stormy altar of Qazlal.
  1089 | D:3      | Reached XP level 6. HP: 44/61 MP: 5/5
  1101 | D:3      | Noticed Uhlv's ghost (amateur MiBe)
  1205 | D:3      | Slain by Uhlv's ghost

Action                   |  1- 3 |  4- 6 || total
-------------------------+-------+-------++-------
Melee: Unarmed           |    56 |     5 ||    61
       Spear             |       |    98 ||    98
Invok: Berserk           |     1 |       ||     1
       Trog's Hand       |       |     3 ||     3
  Eat: Chunk             |     5 |    11 ||    16
